 Dungeon Sprint DCSS version 0.19.0-11-g3fc08b3 (webtiles) character file.

22643 equalderp2856 the Imperceptible (level 12, 0/84 HPs)
             Began as a Felid Fighter on Nov 9, 2016.
             Succumbed to a swamp dragon's blast of poison
             ... in the Dungeon (Sprint IX: "|||||||||||||||||||||||||||||").
             The game lasted 00:27:07 (7838 turns).

equalderp2856 the Imperceptible (Felid Fighter)     Turns: 7838, Time: 00:27:07

Health: 0/84       AC: 26    Str: 13    XL:     12   Next: 64%
Magic:  16/16      EV:  4    Int: 13    God:
Gold:   1539       SH:  0    Dex: 19    Spells: 0 memorised, 11 levels left
                                        Lives:  0   Deaths: 3

rFire  . . .     SeeInvis +       - Unarmed
rCold  . . .     Gourm    .     (armour unavailable)
rNeg   + + +     Faith    .     (shield unavailable)
rPois  +         Spirit   .     (helmet unavailable)
rElec  .         Reflect  .     (cloak unavailable)
rCorr  .         Harm     .     (gloves unavailable)
MR     +....     NoTele   +     (boots unavailable)
Stlth  +++++++++.               (no amulet)
                                n - +3 ring of intelligence
                                m - +2 ring of evasion

@: lethally poisoned (0 -> -32), tree-form
A: no armour, no weapons or thrown items, stealth, (claws 0), (fangs 0), see
invisible, carnivore 3, (speed 0), (shaggy fur 0), slow metabolism 1, (sharp
paws)
a: no special abilities


You were in the Dungeon.
You were full.
You were a tree.
You visited 1 branch You collected 1933 gold pieces.
You spent 394 gold pieces at shops.

Inventory:

Hand Weapons
 B - a +0 halberd of protection
Missiles
 A - 2 throwing nets
Armour
 C - a +0 robe
Jewellery
 m - a +2 ring of evasion (left branch)
 n - a +3 ring of intelligence (right branch)
 s - an uncursed amulet of inaccuracy
 u - an uncursed ring of protection from magic
 v - an uncursed ring of protection from fire
 w - an uncursed ring of protection from cold
 x - an uncursed ring of ice
Wands
 l - a wand of iceblast (7/15)
 t - a wand of lightning (4/15)
Scrolls
 h - 4 scrolls of blinking
 j - 4 scrolls of remove curse
 k - 2 scrolls of amnesia
 o - 3 scrolls of identify
 p - 2 scrolls of fog
 y - a scroll of fear
Potions
 a - 3 potions of might
 e - 2 potions of haste
 f - 4 potions of magic
 g - 3 potions of berserk rage
 i - a potion of invisibility
 q - 3 potions of agility
 r - 2 potions of cure mutation
Comestibles
 b - 10 meat rations


   Skills:
 + Level 8.3 Fighting
 + Level 16.2 Dodging
 * Level 24.6 Stealth
 + Level 23.9 Unarmed Combat
 + Level 4.3 Evocations


You had 11 spell levels left.
You didn't know any spells.

Dungeon Overview and Level Annotations

Branches:
Dungeon (1/1)

Altars:
Cheibriados
Dithmenos
Elyvilon
Fedhas
Gozag
Hepliaklqana
Kikubaaqudgha
Makhleb
Nemelex Xobeh
Okawaru
Qazlal
Ru
Sif Muna
Trog
Uskayaw
Vehumet
Xom
Yredelemnul
Zin
The Shining One
Beogh
Jiyva
Lugonu

Shops:
D *?*%


Innate Abilities, Weirdness & Mutations

You cannot wear armour.
You are incapable of wielding weapons or throwing items.
Your paws allow you to move quietly. (Stealth)
((You have sharp claws.))
((You have razor-sharp teeth.))
You have supernaturally acute eyesight. (SInv)
You are carnivorous and can eat meat at any time.
((You cover ground quickly.))
((Your thick and shaggy fur keeps you warm. (AC +3, rC+)))
You have a slow metabolism.
((Your sharp claws are effective at attacking unaware monsters.))


Message History

* * * LOW HITPOINT WARNING * * *
You feel very sick.
The swamp dragon breathes poison at you.
The blast of poison engulfs you!
You are more poisoned.
* * * LOW HITPOINT WARNING * * *
You mangle the swamp dragon!!
You kill the swamp dragon!
The swamp dragon scales are intact enough to wear.
* * * LOW HITPOINT WARNING * * *
You feel sick.
Really walk into that cloud of poison gas?
Okay, then.
* * * LOW HITPOINT WARNING * * *
You feel very sick.
* * * LOW HITPOINT WARNING * * *
You feel very sick.
It was a potion of lignification.
You turn into a tree.
Your roots penetrate the ground.
You die...

▓§▓.▓.▓.▓.▓.▓'▓.▓)
▓.▓.▓)▓.▓.▓.▓.▓.▓.
▓.▓)▓.▓.▓.▓.▓.▓.▓.
▓§▓.▓.▓.▓)▓.▓.▓.▓|
♣§♣.▓[▓.▓.▓.▓.▓.▓)
♣§♣.▓.▓.▓∩▓.▓.▓.▓(
♣§♣.▓[▓.▓.▓.▓.▓.▓[
♣§♣.▓)▓.▓∩▓.▓.▓.▓[
♣♣♣.▓.▓.▓.▓.▓.▓.▓.
♣§♣.▓.▓.▓∩▓.▓.▓.▓.
♣§♣.▓.▓)▓.▓.▓)▓.▓'
♣§♣.▓.▓.▓∩▓.▓(▓.▓.
♣§♣.▓.▓.▓)▓.▓!▓.▓)
♣§♣.▓.▓.▓)▓.▓'▓.▓.
▓+▓.▓.▓.▓.▓.▓%▓.▓.
▓.▓.▓.▓.▓.▓.▓.▓.
▓.▓.▓.▓.▓.▓[▓.▓.


There were no monsters in sight!

Vanquished Creatures
  A ghost moth (D)
  An emperor scorpion (D)
  2 entropy weavers (D)
  Harold (D)
  4 ice dragons (D)
  An anaconda (D)
  A ghost crab (D)
  A centaur warrior (D)
  An ogre mage (D)
  An alligator (D)
  2 orc high priests (D)
  2 shock serpents (D)
  Nergalle (D)
  An unseen horror (D)
  A sea snake (D)
  A swamp dragon (D)
  3 orc knights (D)
  9 orc sorcerers (D)
  A deep elf mage (D)
  A manticore (D)
  A wolf spider (D)
  A siren (D)
  2 water nymphs (D)
  4 black mambas (D)
  A naga mage (D)
  An efreet (D)
  A komodo dragon (D)
  A demonic crawler (D)
  A hornet (D)
  A tyrant leech (D)
  A jumping spider (D)
  2 merfolk (D)
  2 wind drakes (D)
  A bog body (D)
  2 hippogriffs (D)
  A blink frog (D)
  2 slime creatures (D)
  A redback (D)
  A yak (D)
  A tarantella (D)
  A basilisk (D)
  2 shadows (D)
  Grum (D)
  A hungry ghost (D)
  4 wargs (D)
  2 nagas (D)
  A hell hound (D)
  2 water moccasins (D)
  3 porcupines (D)
  13 orc warriors (D)
  A sky beast (D)
  An eye of draining (shapeshifter) (D)
  A swamp drake (D)
  6 wolves (D)
  A phantom (D)
  An ogre (D)
  2 centaurs (D)
  4 crocodiles (D)
  4 bullfrogs (D)
  A scorpion (D)
  A hound (D)
  An orc priest (D)
  A worker ant (D)
  7 orc wizards (D)
  A shadow imp (D)
  An adder zombie (D)
  6 orcs (D)
  A hobgoblin (D)
  A frilled lizard (D)
  A giant cockroach zombie (D)
  A jackal skeleton (D)
  A kobold (D)
  A leopard gecko zombie (D)
  2 rats (D)
142 creatures vanquished.

Vanquished Creatures (others)
  An orc wizard (D)
1 creature vanquished.

Grand Total: 143 creatures vanquished

Notes
Turn   | Place    | Note
-------+----------+-------------------------------------------
     0 | D        | equalderp2856 the Felid Fighter began the quest for the Orb.
     0 | D        | Reached XP level 1. HP: 10/10 MP: 2/2
    13 | D        | Reached skill level 1 in Stealth
   104 | D        | Noticed a hound
   104 | D        | Noticed a scorpion
   104 | D        | Noticed a worker ant
   106 | D        | Killed a hound
   106 | D        | Reached skill level 5 in Dodging
   106 | D        | Reached skill level 3 in Stealth
   106 | D        | Reached XP level 2. HP: 15/15 MP: 3/3
   106 | D        | Reached XP level 3. HP: 18/18 MP: 4/4
   117 | D        | Killed a scorpion
   117 | D        | Reached skill level 4 in Stealth
   117 | D        | Reached XP level 4. HP: 10/22 MP: 5/5
   128 | D        | Reached skill level 5 in Stealth
   272 | D        | Found a roughly hewn altar of Beogh.
   272 | D        | Found a snail-covered altar of Cheibriados.
   272 | D        | Found a shadowy altar of Dithmenos.
   272 | D        | Found a white marble altar of Elyvilon.
   272 | D        | Found a blossoming altar of Fedhas.
   272 | D        | Found an opulent altar of Gozag.
   273 | D        | Found a hazy altar of Hepliaklqana.
   274 | D        | Found a viscous altar of Jiyva.
   275 | D        | Found an ancient bone altar of Kikubaaqudgha.
   276 | D        | Found a corrupted altar of Lugonu.
   277 | D        | Found a burning altar of Makhleb.
   278 | D        | Found a sparkling altar of Nemelex Xobeh.
   279 | D        | Found an iron altar of Okawaru.
   280 | D        | Found a stormy altar of Qazlal.
   281 | D        | Found a sacrificial altar of Ru.
   282 | D        | Found a deep blue altar of Sif Muna.
   283 | D        | Found a bloodstained altar of Trog.
   284 | D        | Found a hide-covered altar of Uskayaw.
   285 | D        | Found a radiant altar of Vehumet.
   286 | D        | Found a shimmering altar of Xom.
   287 | D        | Found a basalt altar of Yredelemnul.
   288 | D        | Found a glowing silver altar of Zin.
   289 | D        | Found a glowing golden altar of the Shining One.
   316 | D        | Noticed a centaur
   316 | D        | Noticed an orc warrior
   316 | D        | Noticed a bullfrog
   316 | D        | Noticed a phantom
   316 | D        | Noticed an unseen horror
   322 | D        | Killed a centaur
   322 | D        | Reached skill level 5 in Fighting
   322 | D        | Reached skill level 6 in Stealth
   322 | D        | Reached XP level 5. HP: 26/26 MP: 6/6
   340 | D        | Killed a phantom
   340 | D        | Reached skill level 7 in Stealth
   340 | D        | Reached skill level 10 in Unarmed Combat
   340 | D        | Gained mutation: You are covered in thick fur. (AC +2) [Felid growth]
   340 | D        | Reached XP level 6. HP: 22/30 MP: 7/7
   359 | D        | Killed an orc warrior
   359 | D        | Reached skill level 8 in Stealth
   388 | D        | Mangled by an unseen horror
   389 | D        | Reached XP level 5. HP: -6/27 MP: 6/6
   405 | D        | Noticed a crocodile
   405 | D        | Noticed a blink frog
   405 | D        | Noticed a porcupine
   405 | D        | Noticed a porcupine
   405 | D        | Noticed a crocodile
   406 | D        | Noticed a basilisk
   407 | D        | Killed a crocodile
   407 | D        | Reached skill level 9 in Stealth
   407 | D        | Reached XP level 6. HP: 31/31 MP: 7/7
   410 | D        | Noticed a porcupine
   413 | D        | Killed a blink frog
   413 | D        | Reached XP level 7. HP: 35/35 MP: 8/8
   417 | D        | Impaled on a porcupine's spines
   417 | D        | Reached skill level 10 in Stealth
   418 | D        | Reached XP level 6. HP: 1/31 MP: 7/7
   477 | D        | Noticed a warg
   477 | D        | Noticed a warg
   479 | D        | Noticed a hell hound
   481 | D        | Noticed a warg
   484 | D        | Killed a warg
   487 | D        | Noticed a warg
   490 | D        | Killed a warg
   490 | D        | Reached XP level 7. HP: 19/35 MP: 8/8
   495 | D        | Reached skill level 10 in Dodging
   563 | D        | Reached skill level 11 in Stealth
   571 | D        | Reached XP level 8. HP: 16/40 MP: 9/9
   824 | D        | Noticed a hippogriff
   824 | D        | Noticed a komodo dragon
   824 | D        | Noticed a black mamba
   826 | D        | Killed a black mamba
   826 | D        | Reached skill level 12 in Stealth
   826 | D        | Reached skill level 15 in Unarmed Combat
   834 | D        | Killed a komodo dragon
   834 | D        | Reached skill level 13 in Stealth
   834 | D        | Reached XP level 9. HP: 43/43 MP: 10/10
   851 | D        | Reached skill level 14 in Stealth
  1304 | D        | Reached skill level 15 in Stealth
  1341 | D        | Killed an unseen horror
  1341 | D        | Reached skill level 16 in Stealth
  1341 | D        | Reached XP level 10. HP: 33/47 MP: 11/11
  1673 | D        | Noticed an orc knight
  1677 | D        | Killed an orc knight
  1684 | D        | Noticed an orc knight
  1690 | D        | Reached skill level 17 in Stealth
  2053 | D        | Killed an orc knight
  2295 | D        | Noticed an orc high priest
  2299 | D        | Noticed a rust devil
  2309 | D        | Noticed an orc high priest
  2318 | D        | Noticed a rust devil
  2613 | D        | Noticed a soul eater
  2615 | D        | Killed an orc high priest
  2615 | D        | Reached skill level 18 in Stealth
  2656 | D        | Noticed a smoke demon
  2660 | D        | Killed an orc high priest
  3010 | D        | Found Fisyulin's Assorted Antiques.
  3010 | D        | Noticed an orc sorcerer
  3010 | D        | Noticed an orc sorcerer
  3011 | D        | Noticed an orc sorcerer
  3016 | D        | Killed an orc sorcerer
  3198 | D        | Killed an orc sorcerer
  3198 | D        | Reached XP level 11. HP: 51/51 MP: 12/12
  3204 | D        | Noticed an orc sorcerer
  3212 | D        | Killed an orc sorcerer
  3212 | D        | Reached skill level 19 in Stealth
  3217 | D        | Killed an orc sorcerer
  3230 | D        | Noticed an orc sorcerer
  3231 | D        | Found Helixom's Magic Scroll Shoppe.
  3233 | D        | Found Xefiv's Assorted Antiques.
  3243 | D        | Killed an orc sorcerer
  3243 | D        | Reached skill level 1 in Evocations
  3249 | D        | Found Istro's Food Shoppe.
  3252 | D        | Noticed an orc sorcerer
  3268 | D        | Noticed an orc sorcerer
  3269 | D        | Noticed an orc sorcerer
  3270 | D        | Noticed an orc sorcerer
  3280 | D        | Killed an orc sorcerer
  3283 | D        | Killed an orc sorcerer
  3289 | D        | Killed an orc sorcerer
  3295 | D        | Killed an orc sorcerer
  3333 | D        | Bought a blackened soapstone amulet for 115 gold pieces
  3336 | D        | Bought a scroll of remove curse for 69 gold pieces
  3340 | D        | Bought a long glass wand for 92 gold pieces
  3342 | D        | Bought a scroll of identify for 26 gold pieces
  3372 | D        | Noticed Grum
  3392 | D        | Killed Grum
  3419 | D        | Noticed Harold
  3426 | D        | Killed Harold
  3508 | D        | Noticed an orc knight
  3508 | D        | Noticed a deep elf mage
  3520 | D        | Killed an orc knight
  3723 | D        | Killed a deep elf mage
  3728 | D        | Reached skill level 20 in Stealth
  3735 | D        | Noticed an ice dragon
  3736 | D        | Noticed a centaur warrior
  3804 | D        | Noticed an ice dragon
  3805 | D        | Killed an ice dragon
  3807 | D        | Noticed an ogre mage
  3808 | D        | Noticed an ice dragon
  3816 | D        | Killed a centaur warrior
  3817 | D        | Noticed an ice dragon
  3821 | D        | Killed an ice dragon
  3821 | D        | Gained mutation: Your thick and shaggy fur keeps you warm. (AC +3, rC+) [Felid growth]
  3821 | D        | Reached XP level 12. HP: 48/55 MP: 16/16
  3830 | D        | Killed an ogre mage
  3836 | D        | Killed an ice dragon
  3836 | D        | Reached skill level 21 in Stealth
  3849 | D        | Killed an ice dragon
  4088 | D        | Noticed Nergalle
  4095 | D        | Killed Nergalle
  4158 | D        | HP: 1/55 [wind drake/the air (8)]
  4516 | D        | HP: 2/55 [barbs]
  4846 | D        | Bought a potion of might for 92 gold pieces
  5965 | D        | Reached skill level 22 in Stealth
  5970 | D        | Slain by a shock serpent
  5971 | D        | Reached XP level 11. HP: 0/51 MP: 15/15
  6267 | D        | Killed a shock serpent
  6681 | D        | Reached skill level 15 in Dodging
  6729 | D        | Noticed an anaconda
  6733 | D        | Killed an anaconda
  6748 | D        | Noticed an entropy weaver
  6748 | D        | Noticed an emperor scorpion
  6748 | D        | Noticed a ghost moth
  6748 | D        | Noticed an entropy weaver
  6749 | D        | Noticed a wolf spider
  6750 | D        | Killed an entropy weaver
  6750 | D        | Reached XP level 12. HP: 55/55 MP: 16/16
  6752 | D        | Killed an emperor scorpion
  6752 | D        | Reached skill level 23 in Stealth
  7363 | D        | Killed a ghost moth
  7604 | D        | Killed an entropy weaver
  7791 | D        | Noticed a ghost crab
  7793 | D        | Reached skill level 24 in Stealth
  7794 | D        | Noticed an alligator
  7797 | D        | Killed a ghost crab
  7825 | D        | Killed an alligator
  7837 | D        | HP: 2/56 [poisoned by a swamp dragon (blast of poison)]
  7838 | D        | Succumbed to a swamp dragon's blast of poison

Skill      XL: |  1  2  3  4  5  6  7  8  9 10 11 12 |
---------------+-------------------------------------+-----
Stealth        | 3 4 6 9 8 11 13 16 18 20 24 | 24.6
Dodging        | 5 6 7 9 10 11 12 15 16 | 16.2
Unarmed Combat | 6 7 9 10 13 14 15 16 18 23 22 | 23.9
Fighting       | 4 5 6 7 8 |  8.3
Evocations     | 4 |  4.3

Action                   |  1- 3 |  4- 6 |  7- 9 | 10-12 || total
-------------------------+-------+-------+-------+-------++-------
Melee: Unarmed           |    24 |    60 |    91 |   412 ||   587
       Bite              |     4 |     7 |     6 |    52 ||    69
       Punch             |       |       |     5 |    38 ||    43
  Use: Potion            |       |     3 |       |    10 ||    13
       Scroll            |       |       |       |     1 ||     1
 Stab: Sleeping          |     1 |     1 |     9 |    12 ||    23
       Distracted        |       |       |     1 |     6 ||     7
  Eat: Meat ration       |       |       |       |     3 ||     3
Armor: Skin              |     1 |       |       |     1 ||     2
Dodge: Dodged            |    11 |    54 |    62 |   299 ||   426
